 Dungeon Crawl Stone Soup version 0.29.1-1-gd02db6906a (webtiles) character file.

Game seed: 11802792731768051920

56 Ashen the Chiller (level 3, -2/26 HPs)
             Began as a Demonspawn Ice Elementalist on Sept 15, 2022.
             Slain by Crazy Yiuf
             ... wielding a +3 quarterstaff of chaos
              (13 damage)
             ... on level 2 of the Dungeon.
             The game lasted 00:02:57 (2255 turns).

Ashen the Chiller (Demonspawn Ice Elementalist)     Turns: 2255, Time: 00:03:05

Health: -2/26      AC:  4    Str:  8    XL:     3   Next: 71%
Magic:  3/6        EV: 12    Int: 18    God:
Gold:   79         SH:  0    Dex: 13    Spells: 2/6 levels left

rFire   . . .      SeeInvis .   p - +0 rapier
rCold   . . .      Faith    .   (no shield)
rNeg    . . .      Spirit   .   k - +1 robe {Will+}
rPois   .          Reflect  .   (no helmet)
rElec   .          Harm     .   l - +0 cloak
rCorr   .          Rampage  .   (no gloves)
Will    +....                   (no boots)
Stlth   ++........              (no amulet)
HPRegen 0.08/turn               d - ring of wizardry
MPRegen 0.10/turn               (no ring)

@: freezing walls
A: powered by pain 1
a: no special abilities


You were on level 2 of the Dungeon.
You visited 1 branch of the dungeon, and saw 2 of its levels.

You collected 79 gold pieces.

Inventory:

Hand Weapons
 p - a +0 rapier (weapon)
Armour
 k - a +1 robe of willpower (worn)
 l - a +0 cloak (worn)
Jewellery
 d - a ring of wizardry (left hand)
Scrolls
 a - a scroll of summoning {unknown}
 f - a scroll of noise {unknown}
 h - 2 scrolls of identify {unknown}
 i - a scroll of amnesia {unknown}
 j - 3 scrolls of teleportation
 m - a scroll of magic mapping {unknown}
 n - a scroll of immolation {unknown}
 o - a scroll of blinking {unknown}
Potions
 b - a potion of magic
 c - a potion of brilliance {unknown}
 e - 2 potions of cancellation {unknown}
 g - 2 potions of flight {unknown}


   Skills:
 + Level 1.2 Fighting
 + Level 2.3 Dodging
 + Level 2.3 Stealth
 + Level 2.4 Spellcasting
 + Level 3.9 Ice Magic


You had 2 spell levels left.
You knew the following spells:

 Your Spells              Type           Power      Damage    Failure   Level
a - Freeze                Ice            64%        1d8       1%          1
b - Frozen Ramparts       Ice            32%        1d5       4%          3

Your spell library contained the following spells:

 Spells                   Type           Power      Damage    Failure   Level
 Ozocubu's Armour         Ice            16%        N/A       4%          3
 Hailstorm                Conj/Ice       9%         3d4       30%         4
 Metabolic Englaciation   Hex/Ice        4%         N/A       61%         5
 Simulacrum               Ice/Necr       4%         N/A       99%         6


Dungeon Overview and Level Annotations

Branches:
Dungeon (2/15)

Altars:

Annotations:
D:2 Crazy Yiuf


Innate Abilities, Weirdness & Mutations

You sometimes gain a little power by taking damage.


Message History

Crazy Yiuf shouts!
You open the door.
A frilled lizard comes into view.
There is an open door here.
The helpless frilled lizard fails to defend itself.
You hit the frilled lizard.
You kill the frilled lizard!
You see here a frilled lizard corpse.
You see here a frilled lizard corpse.
You open the door.
There is an open door here.
Could not explore, unopened runed door.
Okay, then.
Casting: Freeze (safe; 1% risk of failure)
Confirm with . or Enter, or press ? or * to list all spells.
You can't see any susceptible monsters within range! (Use Z to cast anyway.)
Casting: Freeze (safe; 1% risk of failure)
Confirm with . or Enter, or press ? or * to list all spells.
The spell is quite dangerous to miscast (4% risk of failure)!
Continue anyway?
Casting: Frozen Ramparts (quite dangerous; 4% risk of failure)
Press: ? - help, Dir - look around, f - activate The walls around you are covered in ice.
As you open the door, it creaks loudly!
The wall freezes Crazy Yiuf.
Crazy Yiuf grits, "Cards!"
You barely miss Crazy Yiuf.
Crazy Yiuf is lightly wounded.
The wall freezes Crazy Yiuf but does no damage.
Crazy Yiuf hits you with a +3 quarterstaff of chaos.
Crazy Yiuf freezes you.
You barely miss Crazy Yiuf.
Crazy Yiuf is lightly wounded.
The wall freezes Crazy Yiuf.
Crazy Yiuf closely misses you.
You hit Crazy Yiuf but do no damage.
Crazy Yiuf is lightly wounded.
The wall freezes Crazy Yiuf.
Crazy Yiuf hits you with a +3 quarterstaff of chaos!
You are electrocuted!
Ouch! That really hurt!
You die...

..##'####.#.######.#.# #.#
..#≈≈≈#....## ##### #.#####
..+≈≈≈+.#.## #.....# ..#≈≈≈#.+..#
##### #.###.# ..##+##.#.## #)..#
###.# #.#### #.......+.## #...#
#...###.#... ......†.#..# ...
#.......#.## ...........# #g#
###.###.#.# #..#####..## #@##
###.###.#.# ..........# ##.#
#.......#.# ...##.#...## #.##
###.###.#.## ...........# ##.#
#+#......... ..........## ##.##
#....)...... ...........# ##...#
#.....###... ...........# #....#
#.....###### ...........# #....#
#.....#.....
...........####....###.....#.....


You could see Crazy Yiuf.

Vanquished Creatures
  An adder (D:2)
  2 worms (D:2)
  2 dart slugs (D:1)
  4 ball pythons
  6 bats
  4 endoplasms
  A giant cockroach (D:2)
  4 goblins
  A quokka (D:2)
  3 frilled lizards
  6 kobolds
  5 rats
39 creatures vanquished.

Notes
Turn   | Place    | Note
-------+----------+-------------------------------------------
     0 | D:1      | Ashen the Demonspawn Ice Elementalist began the quest for
                  | the Orb.
     0 | D:1      | Reached XP level 1. HP: 13/13 MP: 3/3
   349 | D:1      | Gained mutation: You sometimes gain a little power by
                  | taking damage. [demonic ancestry]
   349 | D:1      | Reached XP level 2. HP: 20/20 MP: 5/5
   968 | D:2      | Reached skill level 1 in Fighting
   968 | D:2      | Reached XP level 3. HP: 14/26 MP: 0/6
  1854 | D:2      | Learned a level 3 spell: Frozen Ramparts
  2174 | D:2      | Found a runed translucent door.
  2175 | D:2      | Noticed Crazy Yiuf
  2255 | D:2      | Slain by Crazy Yiuf

Illustrated notes

Levels and vault maps discovered:
D:1:      wander_arrival_estate, layout_loops_ring
D:2:      layout_basic, minmay_liquid_box, uniq_crazy_yiuf_cottage

Skill      XL: |  1  2 |
---------------+-------+-----
Stealth        | 2 |  2.3
Dodging        | 2 |  2.3
Fighting       | 1 |  1.2
Spellcasting   | |  2.4
Ice Magic      | |  3.9

Action                   || total
-------------------------++-------
Melee: Unarmed           ||     5
       Short sword       ||    35
       Punch             ||     1
       Rapier            ||    13
 Cast: Freeze            ||    44
       Frozen Ramparts   ||     1
  Use: Scroll            ||     1
 Stab: Sleeping          ||     8
       Distracted        ||     2
Armor: Robe              ||    23
Dodge: Dodged            ||    60
